Map: Thunderbird LE

Players

GOStephano (Stephano) - Winner!

  • Race: Zerg Zerg
  • League: Grandmaster
  • Spawn Location: 5:00

Zanster

  • Race: Zerg Zerg
  • Spawn Location: 11:00

Event: HomeStory Cup XIX

VOD

Have the link to the VOD?

Description

Time

  • Played on: June 28, 2019, 12:20 p.m.
  • Length: 9:37

All games in this series

Show
View Real Time Build Order
Export as new Build Order

GOStephano Zerg - Winner!

Build Orders: Hatch First 

Get SALT Encoding   

  12  0:00  Drone  
  13  0:12  Overlord  
  13  0:16  Drone  
  14  0:30  Drone x2  
  16  0:47  Hatchery  
  15  0:50  Drone  
  15  0:53  Drone  
  18  0:57  Drone  
  18  1:07  Extractor  
  17  1:12  Spawning Pool  
  17  1:15  Drone  
  17  1:19  Drone  
  18  1:27  Drone  
  19  1:38  Drone  
  20  1:49  Drone  
  21  1:59  Drone, Queen x2  
  21  2:00  Overlord  
  26  2:10  Zergling x2  
  26  2:11  Drone  
  26  2:14  Metabolic Boost  
  28  2:24  Drone x2  
  30  2:31  Hatchery  
  30  2:35  Drone  
  30  2:40  Queen  
  33  2:44  Drone  
  33  2:48  Overlord  
  33  2:54  Drone  
  33  2:57  Drone x2  
  36  3:02  Baneling Nest  
  34  3:07  Drone  
  34  3:08  Drone x2  
  34  3:10  Drone  
  34  3:11  Zergling x2  
  39  3:14  Drone  
  39  3:15  Drone  
  43  3:20  Drone x2  
  43  3:30  Overlord  
  43  3:31  Overlord  
  43  3:38  Zergling x2  
  44  3:43  Zergling x10  
  44  3:45  Baneling  
  44  3:46  Baneling  
  49  3:49  Extractor  
  49  3:51  Evolution Chamber  
  49  3:53  Drone x2  
  49  3:54  Drone  
  50  3:57  Drone x3  
  50  4:01  Drone  
  54  4:05  Drone  
  54  4:07  Drone  
  54  4:08  Extractor  
  55  4:16  Drone x2  
  57  4:17  Lair  
  57  4:18  Drone  
  57  4:22  Overlord  
  58  4:24  Roach Warren  
  58  4:25  Drone x3  
  58  4:28  Zerg Missile Weapons Level 1  
  58  4:29  Overlord  
  60  4:36  Drone x4  
  64  4:41  Drone  
  64  4:43  Overlord  
  64  4:46  Drone x3  
  64  4:51  Drone x2  
  65  4:56  Queen x2  
  65  4:58  Zergling x2  
  65  4:59  Zergling x4  
  70  5:02  Extractor  
  69  5:10  Extractor, Roach x4  
  69  5:11  Roach  
  78  5:17  Overseer  
  78  5:18  Overseer  
  78  5:20  Queen  
  80  5:21  Glial Reconstitution  
  80  5:26  Roach  
  82  5:30  Roach x2  
  82  5:32  Pneumatized Carapace  
  86  5:35  Queen  
  86  5:38  Roach  
  86  5:39  Overlord x2  
  90  5:48  Overlord  
  90  5:53  Overlord x2  
  90  5:58  Roach  
  90  5:59  Roach x3, Nydus Network  
  97  6:05  Overseer  
  97  6:07  Roach x4  
  105  6:14  Queen, Roach x3  
  113  6:18  Overlord  
  113  6:20  Overseer  
  113  6:27  Roach x5  
  113  6:32  Zerg Missile Weapons Level 2  
  123  6:35  Roach x2  
  123  6:38  Overseer  
  126  6:42  Nydus Canal  
  126  6:43  Roach x3  
  131  6:48  Roach x2  
  135  6:56  Nydus Canal  
  135  6:57  Roach x2  
  135  6:58  Overlord  
  135  7:00  Overseer  
  138  7:02  Overlord  
  138  7:06  Roach x4  
  134  7:09  Overlord  
  128  7:16  Nydus Canal  
  128  7:19  Roach  
  128  7:20  Roach x5  
  140  7:23  Spore Crawler  
  140  7:29  Spore Crawler  
  128  7:30  Spore Crawler  
  128  7:31  Roach x2  
  117  7:44  Roach x6  
  101  7:53  Roach x4  
  103  8:03  Roach x3  
  103  8:04  Roach  
  99  8:16  Roach  
  99  8:17  Roach x3  
  95  8:25  Roach  
  95  8:26  Roach x3  
  87  8:47  Roach x7  
  93  8:54  Roach x3  
  93  9:02  Roach x2  
  85  9:15  Roach x4  
Show
View Real Time Build Order
Export as new Build Order

Zanster Zerg 

Build Orders: Hatch First 

Get SALT Encoding   

  12  0:00  Drone  
  13  0:12  Overlord  
  13  0:17  Drone  
  14  0:31  Drone x2  
  16  0:47  Hatchery  
  15  0:51  Drone  
  15  0:55  Drone  
  17  0:58  Drone  
  18  1:09  Extractor  
  17  1:14  Spawning Pool  
  17  1:16  Drone  
  17  1:19  Drone  
  18  1:28  Drone  
  19  1:39  Drone  
  20  1:49  Drone  
  21  2:00  Queen  
  21  2:01  Queen  
  25  2:02  Overlord  
  25  2:03  Drone  
  26  2:10  Metabolic Boost  
  26  2:12  Drone x2  
  28  2:22  Drone x2  
  30  2:34  Drone x2  
  32  2:37  Hatchery  
  32  2:42  Queen  
  33  2:46  Drone  
  34  2:52  Drone, Baneling Nest  
  34  2:56  Overlord  
  34  2:58  Drone  
  34  3:04  Drone  
  36  3:07  Overlord  
  36  3:16  Zergling x4  
  36  3:17  Drone x4  
  42  3:23  Drone  
  42  3:25  Overlord  
  43  3:33  Zergling x2  
  44  3:38  Overlord  
  44  3:40  Lair  
  44  3:46  Drone x4  
  48  3:48  Drone  
  48  3:49  Drone  
  48  3:51  Drone  
  48  3:53  Drone x2  
  48  3:55  Extractor  
  52  3:56  Drone  
  52  4:02  Drone x2  
  55  4:06  Extractor  
  55  4:07  Drone  
  55  4:10  Drone  
  55  4:11  Drone  
  57  4:17  Overlord  
  57  4:19  Drone  
  57  4:20  Drone x5  
  62  4:25  Drone  
  62  4:26  Drone x3, Extractor x3  
  62  4:28  Drone  
  64  4:32  Drone  
  64  4:33  Baneling x4  
  64  4:36  Zergling x4  
  67  4:42  Overlord  
  71  4:49  Zergling x2  
  71  4:50  Zergling x4  
  71  4:51  Drone x2  
  73  4:56  Drone  
  73  4:58  Spire  
  73  5:02  Drone x6  
  73  5:04  Drone  
  80  5:09  Roach Warren  
  80  5:12  Drone x3  
  80  5:13  Overseer, Overlord  
  78  5:20  Overlord  
  78  5:23  Overlord  
  78  5:25  Drone  
  78  5:27  Overlord  
  79  5:49  Roach x5  
  88  5:50  Roach  
  88  5:54  Overlord  
  90  5:59  Zergling x4  
  90  6:00  Zergling x6  
  90  6:03  Hatchery  
  94  6:04  Overlord  
  94  6:11  Mutalisk x9  
  94  6:15  Zerg Flyer Weapons Level 1  
  94  6:16  Evolution Chamber  
  111  6:21  Mutalisk  
  113  6:25  Overlord  
  113  6:33  Roach x3  
  113  6:34  Roach  
  113  6:38  Roach x3  
  127  6:40  Overlord  
  127  6:41  Glial Reconstitution  
  127  6:42  Roach  
  127  6:43  Overlord  
  127  6:45  Overlord  
  129  6:50  Roach x4  
  129  6:52  Overlord  
  136  6:58  Overlord x2  
  136  7:01  Roach  
  136  7:03  Zerg Missile Weapons Level 1  
  132  7:10  Roach x8  
  132  7:13  Ravager  
  147  7:17  Roach  
  147  7:19  Overlord  
  147  7:20  Ravager x2  
  150  7:25  Roach x2  
  143  7:30  Roach x2  
  139  7:37  Roach x7  
  135  7:46  Roach  
  135  7:47  Queen x2, Roach  
  135  7:51  Roach x2  
  124  7:59  Roach x2  
  124  8:02  Roach x2  
  124  8:05  Roach x5  
  131  8:10  Roach  
  105  8:20  Roach x5  
  105  8:24  Roach  
  105  8:25  Roach  
  106  8:32  Roach  
  100  8:34  Roach x3  
  98  8:43  Roach x3  
  98  8:45  Roach  
  100  8:52  Roach  
  100  8:54  Roach  
  92  9:00  Roach x4  
  92  9:08  Roach x3  
  94  9:13  Roach  
  94  9:17  Roach  
Tags
 
Add a new tag
Caveats
  • Supply blocks, unpowered buildings, or Contaminate may cause inaccurate times.
  • Supply counts are checked every 10 seconds.